 Dungeon Crawl Stone Soup version 0.28.0-53-g5a82cb258f (webtiles) character file.

Game seed: 342825804155300336

517 firemarshallily the Slasher (level 7, -5/55 HPs)
             Began as a Demonspawn Gladiator on June 14, 2022.
             Slain by an ogre
             ... wielding a +0 giant spiked club
              (29 damage)
             ... on level 5 of the Dungeon on June 15, 2022.
             The game lasted 00:09:39 (4511 turns).

firemarshallily the Slasher (Demonspawn Gladiator)  Turns: 4511, Time: 00:09:39

Health: -5/55      AC:  9    Str: 16    XL:     7   Next: 0%
Magic:  7/7        EV: 11    Int:  9    God:
Gold:   237        SH:  0    Dex: 15    Spells: 6/6 levels left

rFire   . . .      SeeInvis .   m - +3 demon blade (elec)
rCold   . . .      Faith    .   (no shield)
rNeg    . . .      Spirit   .   a - +0 ring mail
rPois   .          Reflect  .   c - +0 helmet
rElec   .          Harm     .   (no cloak)
rCorr   .          Rampage  .   q - +0 pair of gloves
Will    .....                   (no boots)
Stlth   ..........              (no amulet)
HPRegen 0.18/turn               (no ring)
MPRegen 0.10/turn               (no ring)

@: silenced
A: claws 1, yellow scales 1, foul stench 2
a: no special abilities


You were on level 5 of the Dungeon.
You visited 1 branch of the dungeon, and saw 5 of its levels.

You collected 237 gold pieces.

Inventory:

Hand Weapons
 m - a +3 demon blade of electrocution (weapon)
 n - the +8 bardiche "Demonspawn's Bane" {venom, rN+ rCorr Int+2}
   (You found it on level 3 of the Dungeon)

   It poisons the flesh of those it strikes.
   Int:       It affects your intelligence (+2).
   rN:        It protects you from negative energy.
   rCorr:     It protects you from acid and corrosion.
Missiles
 d - 3 throwing nets
 e - 6 curare-tipped darts
 g - 8 poisoned darts
 i - 83 stones (quivered)
Armour
 a - a +0 ring mail (worn)
 c - a +0 helmet (worn)
 f - a +1 leather armour of willpower
 q - a +0 pair of gloves (worn)
 s - a +0 chain mail of cold resistance
Scrolls
 b - 2 scrolls of teleportation
 k - a scroll of blinking
Potions
 h - a potion of mutation
 j - a potion of curing
 o - a potion of heal wounds
 p - a potion of lignification {unknown}
 r - a potion of attraction {unknown}
 t - a potion of degeneration {unknown}
 u - a potion of haste


   Skills:
 + Level 4.4 Fighting
 * Level 5.3 Long Blades
 - Level 2.0 Throwing
 + Level 2.4 Armour
 - Level 3.0 Dodging


You had 6 spell levels left.
You didn't know any spells.
Your spell library was empty.

Dungeon Overview and Level Annotations

Branches:
Dungeon (5/15)
 Temple: D:4-7

Altars:
Nemelex Xobeh


Innate Abilities, Weirdness & Mutations

You have sharp fingernails.
You are partially covered in yellow scales. (AC +2)
You sometimes emit foul miasma when damaged in melee.


Message History

You now have 237 gold pieces (gained 18).
i - 83 stones (gained 23)
There is a stone staircase leading down here.
You see here 26 arrows.
Found a stone staircase leading down.
There is a stone staircase leading down here.
There is an open door here.
Done exploring.
You open the door.
There is an open door here.
There is a stone staircase leading down here.
Your movement speed is average.
Your attack delay is about 1.0.
You climb downwards.
Found five items.
There is a stone staircase leading up here.
v - a scroll of identify
As you read the scroll of identify, it crumbles to dust.
k - a scroll of blinking
As you read the scroll labelled DICRUS SIOMIC, it crumbles to dust.
A profound silence engulfs you.
It was a scroll of silence.
You start waiting.
An ogre comes into view. It is wielding a +0 giant spiked club.
The ogre hits you with a +0 giant spiked club!!
You hit the ogre.
The ogre is moderately wounded.
An adder comes into view.
You hit the ogre.
The ogre is moderately wounded.
The ogre hits you with a +0 giant spiked club!
You hit the ogre.
The ogre is heavily wounded.
The ogre misses you.
You hit the ogre.
The ogre is heavily wounded.
The ogre barely misses you.
You barely miss the ogre.
The ogre is heavily wounded.
The ogre hits you with a +0 giant spiked club!!
Ouch! That really hurt!
You die...

#....# #....# #
#....# .#
#....#####.. .##
+...........
....#....#[....
!...)......S... #
#.....<##O####.##
..).......@......#
..#####........#.#
#........#
#........#
#...........#
####........#
####.##### #.. ###


You could see an ogre and an adder.

Vanquished Creatures
  A phantom (D:4)
  2 scorpions (D:4)
  A water moccasin skeleton (D:4)
  A jelly (D:4)
  A hound (D:4)
  An iguana (D:4)
  Natasha (thrice) (D:3)
  A hound skeleton (D:4)
  3 adders
  A worm (D:2)
  A dart slug (D:4)
  4 orcs
  6 bats
  8 endoplasms
  3 giant cockroaches
  6 goblins
  6 hobgoblins
  7 kobolds
  7 quokkas
  6 ball pythons
  A frilled lizard (D:2)
  3 rats (D:2)
73 creatures vanquished.

Notes
Turn   | Place    | Note
-------+----------+-------------------------------------------
     0 | D:1      | firemarshallily the Demonspawn Gladiator began the quest
                  | for the Orb.
     0 | D:1      | Reached XP level 1. HP: 16/16 MP: 1/1
   272 | D:1      | Gained mutation: You may rarely emit foul miasma when
                  | damaged in melee. [demonic ancestry]
   272 | D:1      | Reached XP level 2. HP: 17/22 MP: 2/2
   417 | D:1      | Reached skill level 3 in Long Blades
  1197 | D:1      | Found a faded altar of an unknown god.
  1353 | D:2      | Reached XP level 3. HP: 13/28 MP: 3/3
  1850 | D:2      | Gained mutation: You sometimes emit foul miasma when
                  | damaged in melee. [demonic ancestry]
  1850 | D:2      | Reached XP level 4. HP: 20/35 MP: 4/4
  2417 | D:3      | Identified the +8 bardiche "Demonspawn's Bane" {venom, rN+
                  | rCorr Int+2}
  2701 | D:3      | Noticed Natasha
  2708 | D:3      | Killed Natasha
  2928 | D:3      | Noticed Natasha
  2941 | D:3      | Killed Natasha
  3101 | D:3      | Noticed Natasha
  3106 | D:3      | Killed Natasha
  3107 | D:3      | Reached skill level 4 in Long Blades
  3107 | D:3      | Reached skill level 1 in Armour
  3107 | D:3      | Reached XP level 5. HP: 38/41 MP: 5/5
  3570 | D:4      | Gained mutation: You have sharp fingernails. [demonic
                  | ancestry]
  3570 | D:4      | Reached XP level 6. HP: 48/48 MP: 6/6
  3772 | D:4      | Reached skill level 5 in Long Blades
  3790 | D:4      | Found a sparkling altar of Nemelex Xobeh.
  4143 | D:4      | Gained mutation: You are partially covered in yellow
                  | scales. (AC +2) [demonic ancestry]
  4143 | D:4      | Reached XP level 7. HP: 51/55 MP: 7/7
  4495 | D:5      | Entered Level 5 of the Dungeon
  4511 | D:5      | Slain by an ogre

Illustrated notes

Levels and vault maps discovered:
D:1:      lemuel_arrival_muddy, layout_rooms, shapermc_ecumenical_altar_petra,
          supply_closet_lemuel
D:2:      layout_rooms, guppyfry_early_orc_mine
D:3:      layout_rooms, serial_co_window_serial, co_window_of_opportunity_a,
          co_window_corner_a, co_window_paths_a, co_window_paths_b,
          co_window_corner_a, co_window_corner_ca, co_window_2corner,
          co_window_paths_c, co_window_corner_b, uniq_natasha
D:4:      layout_basic, mainiacjoe_overflow_boulevard
D:5:      layout_basic, uniq_pikel

Skill      XL: |  1  2  3  4  5  6 |
---------------+-------------------+-----
Long Blades    | 3 4 5 |  5.3
Throwing       | 2 |  2.0
Dodging        | 3 |  3.0
Fighting       | 3 4 |  4.4
Armour         | 1 2 |  2.4

Action                   |  1- 3 |  4- 6 |  7- 9 || total
-------------------------+-------+-------+-------++-------
Melee: Long sword        |   112 |    12 |       ||   124
       Punch             |     2 |       |       ||     2
       Demon blade       |       |    72 |     5 ||    77
  Use: Scroll            |     2 |     2 |     2 ||     6
 Stab: Sleeping          |     2 |     1 |       ||     3
Armor: Leather armour    |    37 |    15 |       ||    52
       Ring mail         |       |    10 |       ||    10
Dodge: Dodged            |    79 |    42 |     2 ||   123
